 Dungeon Crawl Stone Soup version 0.31-a0-1161-g593ecc88b7 (webtiles) character file.

Game seed: 16174991626786795444

4 Pangenus the Shield-Bearer (level 1, 0/18 HPs)
             Began as a Formicid Fighter on Dec 8, 2023.
             Slain by a goblin
             ... wielding a +0 dagger
              (3 damage)
             ... on level 1 of the Dungeon.
             The game lasted 00:00:22 (61 turns).

Pangenus the Shield-Bearer (Formicid Fighter)         Turns: 61, Time: 00:00:23

Health: 0/18       AC:  6    Str: 20    XL:     1   Next: 77%
Magic:  1/1        EV:  9    Int:  7    God:
Gold:   0          SH:  5    Dex: 13    Spells: 0/0 levels left

rFire   . . .        a - +0 flail
rCold   . . .        c - +0 buckler
rNeg    . . .        b - +0 scale mail
rPois   .            (helmet unavailable)
rElec   .            (no cloak)
rCorr   .            (no gloves)
SInv    +            (no boots)
Will    .....        (no amulet) Stlth
                     (no ring)
HPRegen 0.23/turn    (no ring)
MPRegen 0.07/turn

%: no passive effects
@: no status effects
A: permanent stasis, dig shafts and tunnels, antennae 3, four strong arms
a: Dig, Shaft Self


You were on level 1 of the Dungeon.
You visited 1 branch of the dungeon, and saw 1 of its levels.

Inventory:

Hand Weapons
 a - a +0 flail (weapon)
Armour
 b - a +0 scale mail (worn)
 c - a +0 buckler (worn)
Potions
 d - a potion of might


   Skills:
 * Level 3.4 Fighting
 * Level 2.0 Maces & Flails
 * Level 3.4 Armour
 * Level 4.1 Shields


You couldn't memorise any spells.
You didn't know any spells.
Your spell library was empty.

Dungeon Overview and Level Annotations

Branches:
Dungeon (1/15)

Altars:


Innate Abilities, Weirdness & Mutations

You cannot be hasted, slowed, berserked, paralysed or teleported.
You can dig through walls and to a lower floor.
You have a pair of large antennae on your head. (SInv)
Your four strong arms can wield two-handed weapons with a shield.


Message History

You block the kobold's attack.
A rat comes into view.
The kobold barely misses you.
The rat moves out of view.
You miss the kobold. The kobold barely misses you.
You barely miss the hobgoblin.
The rat squeaks loudly.
The hobgoblin hits you. You block the kobold's attack.
You hit the hobgoblin.
The hobgoblin is almost dead.
The kobold hits you but does no damage. The hobgoblin hits you. x2
* * * LOW HITPOINT WARNING * * *
The kobold completely misses you. You block the rat's attack.
You are too injured to fight recklessly!
You are too injured to fight recklessly!
You are too injured to fight recklessly!
You are too injured to fight recklessly!
The rat bites you.
* * * LOW HITPOINT WARNING * * *
The kobold attacks as it pursues you! The kobold hits you but does no damage.
The rat attacks as it pursues you! The rat barely misses you.
The kobold throws a stone.
The stone barely misses you.
The hobgoblin attacks as it pursues you!
You block the hobgoblin's attack.
The kobold throws a stone.
The stone hits you but does no damage. The hobgoblin hits you.
* * * LOW HITPOINT WARNING * * *
The kobold throws a stone.
You block the stone. You block the hobgoblin's attack.
The rat attacks as it pursues you! The rat bites you.
* * * LOW HITPOINT WARNING * * *
A goblin comes into view. It is wielding a +0 dagger.
The goblin shouts!
The hobgoblin attacks as it pursues you!
The hobgoblin barely misses you.
You sock the hobgoblin!
You kill the hobgoblin!
You closely miss the rat. The rat bites you.
* * * LOW HITPOINT WARNING * * *
The goblin hits you with a +0 dagger.
You die...

#......#.#
#......#.#
#.#....#.#
#......#.#
♣♣♣♣.....#
♣♣♣♣.....#
#♣<♣#.#K..#
#8.8###rg>#
##'##..@#.#####
#..#.........#
##.....#####.#
######†.#...#.#
...........#.#.#
############.#.#
#.#.# #.#.#
#.#.#


You could see a goblin, a kobold and a rat.

Vanquished Creatures
  An endoplasm (D:1)
  A hobgoblin (D:1)
  A kobold (D:1)
  A ball python (D:1)
4 creatures vanquished.

Notes
Turn   | Place    | Note
-------+----------+-------------------------------------------
     0 | D:1      | Pangenus the Formicid Fighter began the quest for the Orb.
     0 | D:1      | Reached XP level 1. HP: 18/18 MP: 1/1
    61 | D:1      | Slain by a goblin

Illustrated notes

Levels and vault maps discovered:
D:1:      saegor_arrival_simple_b, layout_basic,
          shapermc_ecumenical_altar_ellora

Action                     || total
---------------------------++-------
  Melee: Flail             ||    12
 Armour: Scale mail        ||    19
  Dodge: Dodged            ||    10
  Block: Buckler           ||     8

Table legend: (Time is in decaauts)
 A = Elapsed time spent in this place.
 B = Non-inter-level travel time spent in this place.
 C = Inter-level travel time spent in this place.
 D = Time resting spent in this place.
 E = Time spent auto-exploring this place.
 F = Levels seen in this place.
 G = Mean time per level.
                   A        B        C        D        E       F      G
               +--------+--------+--------+--------+--------+-----+--------+
         Total |     64 |     64 |      0 |      0 |     31 |   1 |   64.0 |
       Dungeon |     64 |     64 |      0 |      0 |     31 |   1 |   64.0 |
               +--------+--------+--------+--------+--------+-----+--------+

Top non-repeatable levels by time:
     D:1: 64 daAuts
